 Dungeon Crawl Stone Soup version 0.28-a0-48-gfd831c5874 (webtiles) character file.

Game seed: 4555074163929597549

77 siradein the Shield-Bearer (level 4, -5/35 HPs)
             Began as a Demonspawn Fighter on July 30, 2021.
             Slain by an orc priest (8 damage)
             ... on level 3 of the Dungeon.
             The game lasted 00:03:49 (2516 turns).

siradein the Shield-Bearer (Demonspawn Fighter)     Turns: 2516, Time: 00:03:51

Health: -5/35      AC:  7    Str: 18    XL:     4   Next: 14%
Magic:  4/4        EV:  7    Int:  9    God:
Gold:   130        SH:  9    Dex: 12    Spells: 3/3 levels left

rFire   . . .      SeeInvis .   l - +2 dagger (venom)
rCold   . . .      Faith    .   c - +0 kite shield
rNeg    . . .      Spirit   .   b - +0 scale mail
rPois   .          Reflect  .   (helmet restricted)
rElec   .          Harm     .   (no cloak)
rCorr   .          Rampage  .   (no gloves)
Will    .....                   p - +0 pair of boots
Stlth   ..........              (no amulet)
HPRegen 0.11/turn               (no ring)
MPRegen 0.09/turn               (no ring)

@: no status effects
A: antennae 1, powered by pain 1
a: no special abilities


You were on level 3 of the Dungeon.
You visited 1 branch of the dungeon, and saw 3 of its levels.

You collected 130 gold pieces.

Inventory:

Hand Weapons
 a - a +0 long sword
 l - a +2 dagger of venom (weapon)
Armour
 b - a +0 scale mail (worn)
 c - a +0 kite shield (worn)
 p - a +0 pair of boots (worn)
Scrolls
 e - a scroll of summoning {unknown}
 f - a scroll of teleportation {unknown}
 k - a scroll of enchant weapon {unknown}
 m - a scroll of identify {unknown}
 o - a scroll of amnesia {unknown}
Potions
 d - a potion of might
 g - 2 potions of lignification {unknown}
 h - 2 potions of invisibility {unknown}
 i - a potion of attraction {unknown}
 j - a potion of flight {unknown}
 n - a potion of curing {unknown}


   Skills:
 - Level 3.0 Fighting
 + Level 3.1 Long Blades
 - Level 2.6 Armour
 + Level 3.7 Shields


You had 3 spell levels left.
You didn't know any spells.
Your spell library contained the following spells:

 Spells                   Type           Power      Damage    Failure   Level
 Blink                    Tloc           N/A        N/A       100%        2
 Lesser Beckoning         Tloc           0%         N/A       100%        3
 Manifold Assault         Tloc           0%         N/A       100%        5


Dungeon Overview and Level Annotations

Branches:
Dungeon (3/15)

Altars:
Ashenzari
Okawaru


Innate Abilities, Weirdness & Mutations

You have a pair of small antennae on your head.
You sometimes gain a little power by taking damage.


Message History

The orc priest hits you with a +0 flail.
You hit the orc priest.
The orc priest is lightly wounded.
The orc wizard hits you but does no damage.
The orc priest hits you with a +0 flail.
The orc hits you but does no damage.
The orc priest hits you with a +0 flail.
The orc wizard mumbles some strange words.
The orc wizard flickers and vanishes!
Deactivating autopickup; reactivate with Ctrl-A.
You barely miss the orc priest.
The orc priest is lightly wounded.
Something hits you.
The orc priest hits you with a +0 flail!
* * * LOW HITPOINT WARNING * * *
You block the orc's attack.
You closely miss the orc priest.
The orc priest is lightly wounded.
Something hits you but does no damage. You block the orc's attack.
The orc priest hits you with a +0 flail.
* * * LOW HITPOINT WARNING * * *
Your shield and scale mail prevent you from hitting the orc priest.
The orc priest is lightly wounded.
Something hits you.
* * * LOW HITPOINT WARNING * * *
You block the orc's attack. You block the orc priest's attack.
You hit the orc priest but do no damage.
The orc priest is poisoned.
The orc priest is lightly wounded.
Something hits you but does no damage. The orc hits you with a +0 hand axe.
* * * LOW HITPOINT WARNING * * *
You block the orc priest's attack.
You hit the orc priest but do no damage.
The orc priest looks as sick as possible!
The orc priest is lightly wounded.
Something hits you.
* * * LOW HITPOINT WARNING * * *
You block the orc's attack.
The orc priest hits you with a +0 flail!
You die...

#......### .# .#......
... ......# #..#.....#
### ##..#..... ..#
.........##### #.#
#.#....o{o....## #.#####
#.#.....@......# .....<#
#..............#
#########...####..##...#
....###..........># ..#
......#...#.....### ..#
....# #..#_#....####...
#...#+#...#............
#.............†........
#......................


You could see an orc priest (extremely poisoned) and an orc.

Vanquished Creatures
  An adder (D:3)
  2 dart slugs (D:1)
  6 endoplasms
  3 giant cockroaches
  3 goblins (D:1)
  2 hobgoblins (D:1)
  15 jackals
  3 quokkas (D:1)
  4 ball pythons
  4 bats
  2 frilled lizards
  6 kobolds
  7 rats
58 creatures vanquished.

Notes
Turn   | Place    | Note
-------+----------+-------------------------------------------
     0 | D:1      | siradein the Demonspawn Fighter began the quest for the
                  | Orb.
     0 | D:1      | Reached XP level 1. HP: 18/18 MP: 1/1
   250 | D:1      | Gained mutation: You have a pair of small antennae on your
                  | head. [demonic ancestry]
   250 | D:1      | Reached XP level 2. HP: 24/24 MP: 2/2
   670 | D:1      | Reached XP level 3. HP: 27/29 MP: 3/3
   799 | D:1      | Found a faded altar of an unknown god.
  2150 | D:2      | Found a broken altar of Ashenzari.
  2445 | D:3      | Gained mutation: You sometimes gain a little power by
                  | taking damage. [demonic ancestry]
  2445 | D:3      | Reached XP level 4. HP: 34/35 MP: 4/4
  2474 | D:3      | Found an iron altar of Okawaru.
  2516 | D:3      | Slain by an orc priest

Illustrated notes

Levels and vault maps discovered:
D:1:      matt_arrival_spirals, layout_basic, hellmonk_ecumenical_altar_lost_god
D:2:      layout_loops_ring, basic_altar
D:3:      layout_basic, okawaru_metal_pillars_1_2, uniq_jessica

Skill      XL: |  1  2  3 |
---------------+----------+-----
Long Blades    | 2 3 |  3.1
Shields        | 3 |  3.7
Fighting       | |  3.0
Armour         | |  2.6

Action                   |  1- 3 |  4- 6 || total
-------------------------+-------+-------++-------
Melee: Long sword        |    65 |       ||    65
       Whip              |   100 |       ||   100
       Dagger            |    25 |     9 ||    34
Armor: Scale mail        |   100 |     4 ||   104
Dodge: Dodged            |    61 |       ||    61
Block: Kite shield       |   112 |     7 ||   119
       Rpst.: Long sword |     9 |       ||     9

Table legend: (Time is in decaauts)
 A = Elapsed time spent in this place.
 B = Non-inter-level travel time spent in this place.
 C = Inter-level travel time spent in this place.
 D = Time resting spent in this place.
 E = Time spent auto-exploring this place.
 F = Levels seen in this place.
 G = Mean time per level.
                   A        B        C        D        E       F      G
               +--------+--------+--------+--------+--------+-----+--------+
         Total |   2585 |   2544 |     41 |    299 |   1799 |   3 |  861.7 |
       Dungeon |   2585 |   2544 |     41 |    299 |   1799 |   3 |  861.7 |
               +--------+--------+--------+--------+--------+-----+--------+

Top non-repeatable levels by time:
     D:1: 1503 daAuts
     D:2: 1000 daAuts
     D:3: 81 daAuts
